 Dungeon Crawl Stone Soup version 0.26.1-11-gd32895ea62 (webtiles) character file.

Game seed: 11371738066715064046

354 Zeld the Chucker (level 6, -3/39 HPs)
             Began as an Octopode Brigand on May 16, 2021.
             Slain by a hound (5 damage)
             ... on level 5 of the Dungeon.
             The game lasted 00:03:47 (5216 turns).

Zeld the Chucker (Octopode Brigand)                 Turns: 5216, Time: 00:03:48

Health: -3/39      AC:  1    Str: 13    XL:     6   Next: 63%
Magic:  10/10      EV: 13    Int: 13    God:
Gold:   306        SH:  0    Dex: 13    Spells: 11/11 levels left

rFire    . . .     SeeInvis .   a - +2 dagger
rCold    . . .     Faith    .   (no shield)
rNeg     . . .     Spirit   .   (helmet restricted)
rPois    .         Reflect  .   (no amulet)
rElec    .         Harm     .   (no ring)
rCorr    .         Rampage  .   (no ring)
Will     .....                  (no ring)
Stlth    ++++......             (no ring)
HPRegen  0.13/turn              (no ring)
MPRegen  0.12/turn              (no ring)
                                (no ring)
                                (no ring)

@: no status effects
A: almost no armour, stealthy swim, amphibious, 8 rings, constrict 8, camouflage
1, gelatinous body 1
a: no special abilities


You were on level 5 of the Dungeon.
You visited 2 branches of the dungeon, and saw 6 of its levels.

You collected 306 gold pieces.

Inventory:

Hand Weapons
 a - a +2 dagger (weapon)
Missiles
 b - 31 poisoned darts (quivered)
 c - 2 curare-tipped darts
 j - 2 atropa-tipped darts
Jewellery
 o - an uncursed ring of magical power {unknown}
 p - an uncursed ring of protection from fire {unknown}
 r - a +4 ring of protection {unknown}
 t - an uncursed ring of stealth {unknown}
Scrolls
 d - 3 scrolls of remove curse {unknown}
 e - 3 scrolls of teleportation {unknown}
 h - 2 scrolls of fog {unknown}
 k - 3 scrolls of identify {unknown}
 n - 3 scrolls of enchant armour {unknown}
 q - a scroll of amnesia {unknown}
Potions
 f - a potion of attraction {unknown}
 g - 3 potions of brilliance {unknown}
 i - a potion of lignification {unknown}
 l - a potion of heal wounds {unknown}
 m - 3 potions of curing {unknown}
 s - a potion of haste {unknown}


   Skills:
 - Level 2.0 Fighting
 - Level 2.0 Short Blades
 * Level 5.7 Throwing
 - Level 1.0 Dodging
 - Level 5.3 Stealth
 + Level 3.1 Spellcasting


You had 11 spell levels left.
You didn't know any spells.
Your spell library contained the following spells:

 Spells                   Type           Power        Failure   Level
 Animate Skeleton         Necr           4%           22%         1
 Apportation              Tloc           4%           22%         1
 Corona                   Hex            2%           22%         1
 Summon Small Mammal      Summ           8%           22%         1
 Ensorcelled Hibernation  Hex/Ice        4%           34%         2


Dungeon Overview and Level Annotations

Branches:
Dungeon (5/15)             Temple (1/1) D:4

Altars:
Ashenzari
Cheibriados
Elyvilon
Gozag
Hepliaklqana
Kikubaaqudgha
Makhleb
Okawaru
Qazlal
Sif Muna
Trog
Uskayaw
Vehumet
Wu Jian
Xom
Yredelemnul
Zin
The Shining One

Annotations:
D:5 Edmund


Innate Abilities, Weirdness & Mutations

You cannot wear most types of armour.
You are very stealthy in the water. (Stealth+)
You are amphibious.
You can wear up to eight rings at the same time.
You can use your tentacles to constrict eight enemies at once.
Your skin changes colour to match your surroundings (Stealth+).
Your rubbery body absorbs attacks. (AC +1, EV +1)


Message History

An ogre comes into view. It is wielding a +0 giant club.
The hound bites you.
* * * LOW HITPOINT WARNING * * *
You see here a howler monkey corpse.
The ogre shouts!
You hit the hound. You grab the hound.
The hound is severely wounded.
You constrict the hound, but do no damage.
The hound bites you.
* * * LOW HITPOINT WARNING * * *
Edmund the Younger comes into view.
He is wielding a +1 dire flail of draining.
You barely miss the hound.
The hound is severely wounded.
You constrict the hound. The hound barely misses you.
A jackal zombie comes into view.
You release your grip on the hound.
The hound pauses to sniff the ground.
A worker ant zombie comes into view.
The hound bites you.
You die...

#.... ....
######.#.##....
.h......"@..###
!......<.......
...........#####
##...###.......#
### #.....#...
....##†hO..####
#....@..)...#
.Z...O......##..
##Z###..........
# #.####..... #.
..... #. .....
#. ... ...


You could see Edmund (wandering), 2 ogres, a hound, a jackal zombie (wandering)
and a worker ant zombie (wandering).

Vanquished Creatures
  A scorpion (D:4)
  A howler monkey (D:5)
  An orc priest (D:3)
  2 bullfrog skeletons
  Jessica (D:2)
  6 adders
  5 worms
  2 dart slugs (D:1)
  A leopard gecko (D:1)
  10 orcs
  A ball python (D:3)
  8 bats
  3 giant cockroaches
  5 goblins
  6 hobgoblins (D:1)
  7 jackals
  2 quokkas
  6 frilled lizards
  6 kobolds
  7 rats
81 creatures vanquished.

Notes
Turn   | Place    | Note
-------+----------+-------------------------------------------
     0 | D:1      | Zeld the Octopode Brigand began the quest for the Orb.
     0 | D:1      | Reached XP level 1. HP: 14/14 MP: 1/1
    81 | D:1      | Reached XP level 2. HP: 16/19 MP: 2/2
   264 | D:1      | Reached skill level 1 in Spellcasting
   598 | D:1      | Reached XP level 3. HP: 24/24 MP: 4/4
  1098 | D:2      | Reached XP level 4. HP: 29/29 MP: 6/6
  1130 | D:2      | Found a shimmering blue altar of Sif Muna.
  1857 | D:2      | Noticed Jessica
  1867 | D:2      | Killed Jessica
  1875 | D:2      | Identified Jessica's Grimoire of Malediction
  2230 | D:2      | Found a hazy altar of Hepliaklqana.
  2528 | D:3      | Reached XP level 5. HP: 5/34 MP: 8/8
  3406 | D:3      | Found a glowing silver altar of Zin.
  3865 | D:4      | Found an opulent altar of Gozag.
  3915 | D:4      | Reached skill level 5 in Throwing
  3915 | D:4      | Reached XP level 6. HP: 30/39 MP: 8/10
  4401 | D:4      | Found a staircase to the Ecumenical Temple.
  4414 | Temple   | Entered the Ecumenical Temple
  5197 | D:5      | Entered Level 5 of the Dungeon
  5214 | D:5      | Noticed Edmund
  5216 | D:5      | Slain by a hound

Illustrated notes

Levels and vault maps discovered:
D:1:      scummos_arrival_checkerplants, layout_rooms, serial_glass,
          glass_columns_a, glass_columns_a
D:2:      layout_loops_ring, nzn_hepliaklqana_mist_gate, lemuel_blue_sif_altar,
          kennysheep_jessica_study
D:3:      layout_loops_ring, zin_statuary, hangedman_decor_clover_reticule
D:4:      layout_basic, nicolae_gozag_seed_capital,
          minmay_temple_entry_junction, chequers_serial_rivers_large_a
D:5:      layout_rooms, nicolae_ru_the_path_less_chosen,
          gammafunk_temple_overflow_arena, bloody_trog, uniq_edmund
Temple:   eino_temple_lava

Skill      XL: |  1  2  3  4  5  6 |
---------------+-------------------+-----
Spellcasting   | 1 2 3 |  3.1
Throwing       | 3 4 5 |  5.7
Fighting       | |  2.0
Short Blades   | |  2.0
Dodging        | |  1.0
Stealth        | |  5.3

Action                   |  1- 3 |  4- 6 || total
-------------------------+-------+-------++-------
Melee: Dagger            |    57 |   125 ||   182
       Constrict         |    11 |    32 ||    43
       Tentacles         |     4 |    24 ||    28
 Stab: Sleeping          |    21 |    15 ||    36
Armor: Skin              |     4 |    10 ||    14
Dodge: Dodged            |    19 |    72 ||    91
